 Dungeon Crawl Stone Soup version 0.26.1-2-gb8aa6d0cf2 (webtiles) character file.

Game seed: 7695075329855660441

400 McKennaii the Conjurer (level 6, -3/32 HPs)
             Began as a Deep Elf Conjurer on Feb 17, 2021.
             Was an Initiate of Vehumet.
             Killed from afar by a white imp (9 damage)
             ... with a puff of frost
             ... on level 5 of the Dungeon.
             The game lasted 00:03:35 (5055 turns).

McKennaii the Conjurer (Deep Elf Conjurer)          Turns: 5055, Time: 00:03:36

Health: -3/32      AC:  3    Str:  4    XL:     6   Next: 54%
Magic:  22/26      EV: 13    Int: 25    God:    Vehumet [......]
Gold:   196        SH:  0    Dex: 13    Spells: 16/17 levels left

rFire    . . .     SeeInvis .   (no weapon)
rCold    . . .     Faith    .   (no shield)
rNeg     . . .     Spirit   .   a - +0 robe
rPois    .         Reflect  .   g - +0 helmet
rElec    .         Harm     .   (no cloak)
rCorr    .         Rampage  .   (no gloves)
Will     .....                  (no boots)
Stlth    ++........             (no amulet)
HPRegen  0.10/turn              c - ring of magical power
MPRegen  0.20/turn              (no ring)

@: no status effects
A: no striking features
a: Renounce Religion


You were on level 5 of the Dungeon.
You worshipped Vehumet.
Vehumet was noncommittal.
You visited 2 branches of the dungeon, and saw 6 of its levels.

You collected 196 gold pieces.

Inventory:

Armour
 a - a +0 robe (worn)
 g - a +0 helmet (worn)
Jewellery
 c - a ring of magical power (left hand)
 e - an uncursed ring of fire
Scrolls
 f - a scroll of identify
 h - 2 scrolls of remove curse
 i - 4 scrolls of teleportation
 o - a scroll of fear {unknown}
Potions
 b - 2 potions of attraction
 d - a potion of cancellation
 j - 2 potions of resistance {unknown}
 k - 2 potions of heal wounds {unknown}
 l - a potion of might {unknown}
 m - a potion of curing {unknown}
 n - a potion of berserk rage {unknown}


   Skills:
 + Level 0.1 Fighting
 + Level 2.7 Dodging
 + Level 2.9 Stealth
 * Level 6.1 Spellcasting
 * Level 7.2 Conjurations


You had 16 spell levels left.
You knew the following spells:

 Your Spells              Type           Power        Failure   Level
a - Magic Dart            Conj           100%         1%          1

Your spell library contained the following spells:

 Spells                   Type           Power        Failure   Level
 Searing Ray              Conj           86%          1%          2
 Dazzling Flash           Conj/Hex       50%          4%          3
 Fulminant Prism          Conj/Hex       12%          17%         4
 Iskenderun's Mystic Bla  Conj/Tloc      25%          17%         4


Dungeon Overview and Level Annotations

Branches:
Dungeon (5/15)             Temple (1/1) D:5

Altars:
Dithmenos
Elyvilon
Fedhas
Gozag
Hepliaklqana
Kikubaaqudgha
Makhleb
Nemelex Xobeh
Qazlal
Ru
Trog
Uskayaw
Vehumet
Wu Jian
Xom
Zin


Message History

The white imp is heavily wounded.
The white imp sputters.
The white imp gestures at you. The puff of frost hits you!
You feel a terrible chill!
You are too injured to fight recklessly!
You are too injured to fight recklessly!
The white imp gestures at you. The puff of frost hits you.
You feel a terrible chill!
Okay, then.
You remove your ring of fire.
The white imp gestures at you. The puff of frost misses you.
The white imp gestures at you. The puff of frost hits you!
* * * LOW HITPOINT WARNING * * *
The white imp gestures at you. The puff of frost misses you.
The white imp gestures at you. The puff of frost hits you!
You die...

###.###.#### .# ).. #.#
#.######.# #.. #.# #........# ###
#.o ##'###.##.##.## ...# #.###O.
##...#.........##. #.# #...)..
##................. #.# ###.#
##.....#..⌠...⌠..#. #.# ##.#.#
#......#.........#####.#####....#
†...........>...@.....5Oo...o..>.
#......#.........#####.#####....#
##.....#..⌠...⌠..#....)# ##.#.#
##................##### ....#
##...#.........### .##### #
#+###.##.##.## #. # #.....##.# #
# #.######.. . ###.


You could see an ogre and a white imp.

Vanquished Creatures
  Eustachio (D:4)
  A bullfrog skeleton (D:4)
  Jessica (D:2)
  An orc wizard (D:5)
  Robin (D:2)
  A gnoll (D:1)
  5 adders
  A dart slug (D:1)
  4 leopard geckos
  13 orcs
  2 giant cockroaches
  18 goblins
  12 hobgoblins
  4 jackals (D:5)
  3 quokkas
  8 bats
  7 frilled lizards
  6 kobolds
  7 rats
96 creatures vanquished.

Vanquished Creatures (others)
  2 plants (D:2)
2 creatures vanquished.

Grand Total: 98 creatures vanquished

Notes
Turn   | Place    | Note
-------+----------+-------------------------------------------
     0 | D:1      | McKennaii the Deep Elf Conjurer began the quest for the
                  | Orb.
     0 | D:1      | Reached XP level 1. HP: 10/10 MP: 6/6
   160 | D:1      | Reached XP level 2. HP: 4/15 MP: 2/8
   521 | D:1      | Reached skill level 5 in Conjurations
   788 | D:1      | Reached XP level 3. HP: 19/19 MP: 9/9
  1423 | D:2      | Reached XP level 4. HP: 24/24 MP: 11/11
  1454 | D:2      | Found a stormy altar of Qazlal.
  1454 | D:2      | Noticed Jessica
  1457 | D:2      | Killed Jessica
  1493 | D:2      | Reached skill level 6 in Conjurations
  1614 | D:2      | Noticed Robin
  1628 | D:2      | Killed Robin
  1792 | D:2      | Reached XP level 5. HP: 28/28 MP: 13/13
  1848 | D:2      | Found a broken altar of Ashenzari.
  1861 | D:2      | Found an ornate altar of the Wu Jian Council.
  1861 | D:2      | Found a shimmering altar of Xom.
  1863 | D:2      | Found a radiant altar of Vehumet.
  1863 | D:2      | Found an ancient bone altar of Kikubaaqudgha.
  1863 | D:2      | Found a hide-covered altar of Uskayaw.
  2639 | D:3      | Found an ornate altar of the Wu Jian Council.
  2747 | D:3      | Found a blossoming altar of Fedhas.
  2791 | D:3      | Found a white marble altar of Elyvilon.
  3042 | D:3      | Found a blossoming altar of Fedhas.
  3651 | D:4      | Reached skill level 5 in Spellcasting
  3779 | D:4      | Found a sacrificial altar of Ru.
  3967 | D:4      | Noticed Eustachio
  4055 | D:4      | Killed Eustachio
  4056 | D:4      | Reached skill level 7 in Conjurations
  4056 | D:4      | Reached XP level 6. HP: 21/32 MP: 16/17
  4237 | D:4      | Found a bloodstained altar of Trog.
  4640 | D:5      | Entered Level 5 of the Dungeon
  4712 | D:5      | Found a staircase to the Ecumenical Temple.
  4745 | Temple   | Entered the Ecumenical Temple
  4825 | Temple   | Became a worshipper of Vehumet
  5055 | D:5      | Killed from afar by a white imp

Illustrated notes

Levels and vault maps discovered:
D:1:      eino_arrival_tree_alley, layout_loops_cross,
          hangedman_decor_clover_reticule, kennysheep_minor_cross
D:2:      layout_basic, nicolae_qazlal_general_emergency, doesnt_xom_only_xom,
          serial_forest, infiniplex_forest_clump_diagonal,
          infiniplex_forest_end_2, infiniplex_forest_corner_1,
          infiniplex_forest_end_2, infiniplex_forest_fountain,
          infiniplex_forest_clump_small, uniq_jessica, uniq_robin
D:3:      layout_loops_corners, general_overflow_altar,
          nzn_wu_jian_council_hall, nicolae_overflow_hidden_temple,
          fedhas_altar_4
D:4:      layout_basic, bloody_trog, lemuel_round_altar,
          kennysheep_generic_room_4, uniq_eustachio
D:5:      layout_loops_corners, led_sif_book, minmay_temple_entry_large_hall,
          serial_shops, nicolae_shop_waterfront, kennysheep_mini,
          chequers_arboretum, uniq_edmund
Temple:   compressed_dpeg_triangle_lava_temple

Skill      XL: |  1  2  3  4  5 |
---------------+----------------+-----
Conjurations   | 5 6 7 |  7.2
Spellcasting   | 4 6 |  6.1
Fighting       | |  0.1
Dodging        | |  2.7
Stealth        | |  2.9

Action                   |  1- 3 |  4- 6 || total
-------------------------+-------+-------++-------
Melee: Unarmed           |    12 |       ||    12
 Cast: Magic Dart        |    60 |   143 ||   203
  Use: Scroll            |       |     5 ||     5
Armor: Robe              |     1 |     5 ||     6
Dodge: Dodged            |     4 |    37 ||    41
